 Dungeon Crawl Stone Soup version 0.22.0 (webtiles) character file.

283 Gorglomux the Covered (level 6, -2/39 HPs)
             Began as a Gargoyle Fighter on Aug 11, 2018.
             Slain by an ogre
             ... wielding a +0 giant spiked club
              (21 damage)
             ... on level 4 of the Dungeon.
             The game lasted 00:01:31 (2720 turns).

Gorglomux the Covered (Gargoyle Fighter)            Turns: 2720, Time: 00:01:32

Health: -2/39      AC: 16    Str: 21    XL:     6   Next: 28%
Magic:  15/15      EV:  4    Int:  9    God:
Gold:   210        SH:  9    Dex:  9    Spells: 5/5 levels left

rFire    . . .     SeeInvis .   a - +0 war axe
rCold    . . .     Gourm    .   c - +0 shield
rNeg     + . .     Faith    .   p - +0 plate armour
rPois    ∞         Spirit   .   (no helmet)
rElec    +         Reflect  .   (no cloak)
rCorr    .         Harm     .   (no gloves)
MR       .....                  (no boots)
Stlth    ..........             (no amulet)
HPRegen  0.13/turn              l - ring of flight
MPRegen  0.14/turn              r - ring of magical power

@: no status effects
A: negative energy resistance 1, electricity resistance, unbreathing,
petrification resistance, rot immunity, AC +4
a: Evoke Flight


You were on level 4 of the Dungeon.
You were not hungry.

You visited 1 branch of the dungeon, and saw 4 of its levels.

You collected 210 gold pieces.

Inventory:

Hand Weapons
 a - a +0 war axe (weapon)
Armour
 b - a +0 scale mail
 c - a +0 shield (worn)
 p - a +0 plate armour (worn)
Jewellery
 l - a ring of flight (left hand)
 r - a ring of magical power (right hand)
Scrolls
 g - 8 scrolls of identify {unknown}
 k - a scroll of enchant weapon {unknown}
 m - a scroll of noise {unknown}
 n - a scroll of teleportation {unknown}
 o - a scroll of blinking {unknown}
 q - 4 scrolls of remove curse {unknown}
 t - 2 scrolls of magic mapping {unknown}
 w - 2 scrolls of amnesia {unknown}
Potions
 d - a potion of might
 v - 2 potions of lignification
 x - a potion of agility {unknown}
Comestibles
 f - 4 rations


   Skills:
 + Level 4.7 Fighting
 + Level 3.2 Axes
 + Level 4.7 Armour
 + Level 4.6 Shields


You had 5 spell levels left.
You didn't know any spells.
Your spell library was empty.

Dungeon Overview and Level Annotations

Branches:
Dungeon (4/15)
 Temple: D:4-7

Altars:
Makhleb


Innate Abilities, Weirdness & Mutations

You are resistant to torment.
Your stone body is resilient. (AC +4)
You are immune to poison.
You resist negative energy. (rN+)
You are resistant to electric shocks. (rElec)
You can survive without breathing.
You are immune to petrification.
You are immune to rotting.


Message History

No target in butt!!!
Unknown command!
An ogre comes into butt!
It is wielding a giant spiked club!
The ogre shouts!!!
Found 11 gold butts!
Found 19 gold pieces!
Your shield and plate armour prevent you from hitting the ogre!
The ogre hits you but does no damage!
An ogre is nearby!!!
You dice the ogre but do no damage!
The ogre hits you with a giant spiked club!!!
You dice the ogre like an onion!
The ogre is lightly wounded!
You block the ogre's attack!
You dice the ogre like an onion!!!
The ogre is heavily wounded!
The ogre hits you with a giant spiked club!
The ogre hits you with a giant spiked club!!!!!!
DANG rip

......# ......# ##
### ......#
....##<####......#
................(.#
......#.....)....#
.....######.######
.....+........#
.... ######+#@# ...
#$..O....... ...
+.........$.
#...........
#.........$.
.......#....
#.#######.... #.
...


You could see an ogre.

Vanquished Creatures
  A hound (D:3)
  2 orc priests (D:3)
  An orc wizard (D:3)
  7 adders
  2 oozes (D:2)
  An adder skeleton (D:3)
  5 worms
  2 dart slugs
  A leopard gecko (D:3)
  2 orcs (D:3)
  4 giant cockroaches
  6 goblins
  11 hobgoblins
  10 kobolds
  2 quokkas (D:3)
  2 ball pythons
  6 bats
  4 frilled lizards
  11 rats
80 creatures vanquished.

Notes
Turn   | Place    | Note
-------+----------+-------------------------------------------
     0 | D:1      | Gorglomux the Gargoyle Fighter began the quest for the Orb.
     0 | D:1      | Reached XP level 1. HP: 14/14 MP: 1/1
   155 | D:1      | Reached XP level 2. HP: 18/19 MP: 2/2
   609 | D:1      | Reached XP level 3. HP: 23/23 MP: 3/3
   988 | D:2      | Reached XP level 4. HP: 29/29 MP: 4/4
  1634 | D:3      | Reached XP level 5. HP: 30/33 MP: 5/5
  1835 | D:3      | Reached skill level 3 in Axes
  1836 | D:3      | Reached XP level 6. HP: 7/39 MP: 6/6
  2291 | D:3      | Found a burning altar of Makhleb.
  2720 | D:4      | Slain by an ogre

Skill      XL: |  1  2  3  4  5 |
---------------+----------------+-----
Axes           | 2 3 |  3.2
Fighting       | 4 |  4.7
Armour         | 4 |  4.7
Shields        | 4 |  4.6

Action                   |  1- 3 |  4- 6 || total
-------------------------+-------+-------++-------
Melee: War axe           |   117 |   193 ||   310
  Use: Potion            |       |     4 ||     4
  Eat: Chunk             |     1 |     6 ||     7
Armor: Scale mail        |    58 |       ||    58
       Plate armour      |     4 |   156 ||   160
       Skin              |       |    11 ||    11
Dodge: Dodged            |    44 |    32 ||    76
Block: Shield            |    67 |   123 ||   190
